 Dungeon Crawl Stone Soup version 0.17.0-56-gd8de76c (webtiles) character file.

478 dvd the Shooter (level 6, -1/42 HPs)
             Began as a High Elf Hunter on Dec 5, 2015.
             Succumbed to poison (a potion of poison)
             ... on level 4 of the Dungeon.
             The game lasted 00:19:23 (5613 turns).

dvd the Shooter (High Elf Hunter)                   Turns: 5613, Time: 00:19:23

Health: -1/42      AC:  5    Str: 13    XL:     6   Next: 85%
Magic:  16/16      EV: 13    Int: 11    God:
Gold:   133        SH:  0    Dex: 17    Spells: 0 memorised, 5 levels left

rFire  . . .     SeeInvis +     b - +1 falchion
rCold  . . .     Clarity  .     j - +0 ring mail
rNeg   . . .     SustAt   +     (no shield)
rPois  .         Gourm    .     (no helmet)
rElec  +         Spirit   .     (no cloak)
rCorr  .         Warding  .     (no gloves)
rMut   +         Stasis   .     (no boots)
MR     .....                    o - amulet of resist mutation
Stlth  ++........               (no ring)
                                n - ring of Gluttony {SustAt rElec MP+9 Int-3 SInv}

@: lethally poisoned (-1 -> -30), not resistant to hostile enchantments,
unstealthy
A: no striking features
a: no special abilities


You were on level 4 of the Dungeon.
You were not hungry.

You visited 1 branch of the dungeon, and saw 4 of its levels.

You collected 133 gold pieces.

Inventory:

Hand Weapons
 a - a +1 shortbow
 b - a +1 falchion (weapon)
 u - a +0 whip of venom
 w - a +0 short sword
Armour
 c - a +0 leather armour
 j - a +0 ring mail (worn)
 v - a +0 chain mail
Jewellery
 n - the ring of Gluttony (left hand) {SustAt rElec MP+9 Int-3 SInv}
   (You found it on level 4 of the Dungeon)

   [ring of sustain attributes]

   It sustains your strength, intelligence and dexterity.
   It affects your intelligence (-3).
   It insulates you from electricity.
   It affects your magic capacity (+9).
   It lets you see invisible.
 o - an amulet of resist mutation (around neck)
Wands
 p - a wand of enslavement (3)
 s - a wand of confusion (34)
Scrolls
 h - a scroll of recharging
 i - 2 scrolls of enchant weapon
 k - 2 scrolls of teleportation
 q - 3 scrolls of identify
 r - a scroll of remove curse
Potions
 f - a potion of haste
Comestibles
 d - a meat ration
 e - 5 bread rations
 g - 2 royal jellies
 m - 3 fruits
 x - 2 chunks of flesh


   Skills:
 + Level 3.3 Fighting
 + Level 0.8(1.7) Short Blades
 * Level 2.4(2.5) Long Blades
 + Level 0.1 Maces & Flails
 + Level 6.6 Bows
 + Level 2.4 Armour
 + Level 4.6 Dodging
 + Level 2.2 Stealth
 + Level 1.0 Evocations


You had 5 spell levels left.
You didn't know any spells.

Dungeon Overview and Level Annotations

Branches:
Dungeon (4/15)
 Temple: D:4-7

Altars:
Kikubaaqudgha


Message History

* * * LOW HITPOINT WARNING * * *
You are more poisoned.
The worker ant poisons you!
You slash the worker ant!
You kill the worker ant!
You feel your intelligence returning.
* * * LOW HITPOINT WARNING * * *
You feel sick.
* * * LOW HITPOINT WARNING * * *
You feel sick.
* * * LOW HITPOINT WARNING * * *
You feel sick.
Drink which item? (? for menu, Esc to quit)
Okay, then.
Read which item? (? for menu, Esc to quit)
Okay, then.
Drink which item? (? for menu, Esc to quit)
It was a potion of poison.
That liquid tasted very nasty...
You are more poisoned.
You die...

..# #.#.##.# .#
#......#. ..#
#.#.##.## .#
#......#. ..#
#####.#.##..# #.
##.....##
#.......[..#### .##
#.....#
#...........##.#..#
#.....#
#.).........#.O.#.#
#.....#
#...........#.#...#
#.....#
#...........##.#.##
#######
###########.@##)##
##.O..# ######


You could see an ogre.

Vanquished Creatures
  A phantom (D:4)
  A vampire bat (D:3)
  An orc wizard (D:4)
  A hound (D:4)
  Terence (D:3)
  Natasha (twice) (D:3)
  3 worker ants (D:4)
  4 adders
  A shadow imp (D:3)
  An ooze (D:4)
  5 worms
  2 giant geckos
  6 orcs
  10 bats
  2 bat skeletons (D:3)
  3 bat zombies (D:3)
  6 giant cockroaches
  6 goblins
  12 hobgoblins
  9 jackals
  A ball python (D:1)
  5 giant newts
  A jackal skeleton (D:4)
  11 kobolds
  12 rats
107 creatures vanquished.

Notes
Turn   | Place    | Note
--------------------------------------------------------------
     0 | D:1      | dvd the High Elf Hunter began the quest for the Orb.
     0 | D:1      | Reached XP level 1. HP: 14/14 MP: 2/2
   466 | D:1      | Reached XP level 2. HP: 19/19 MP: 3/3
   541 | D:1      | Reached skill level 6 in Bows
   980 | D:1      | Reached XP level 3. HP: 24/24 MP: 4/4
  2246 | D:2      | Reached XP level 4. HP: 15/30 MP: 5/5
  2762 | D:3      | Found an ancient bone altar of Kikubaaqudgha.
  2919 | D:3      | Reached skill level 1 in Armour
  3105 | D:3      | Reached XP level 5. HP: 33/35 MP: 6/6
  3477 | D:3      | Noticed Terence
  3496 | D:3      | Killed Terence
  4082 | D:3      | Noticed Natasha
  4108 | D:3      | Killed Natasha
  4108 | D:3      | Reached skill level 1 in Long Blades
  4474 | D:3      | Noticed Natasha
  4493 | D:3      | Killed Natasha
  4824 | D:4      | Got a steaming pewter ring
  4825 | D:4      | Identified the ring of Gluttony {SustAt rElec MP+9 Int-3 SInv} (You found it on level 4 of the Dungeon)
  4845 | D:4      | Reached XP level 6. HP: 26/42 MP: 7/7
  5123 | D:4      | Noticed a phantom
  5198 | D:4      | Killed a phantom
  5284 | D:4      | Reached skill level 1 in Evocations
  5597 | D:4      | Noticed an ogre
  5610 | D:4      | HP: 2/42 [poisoned by a worker ant]
  5613 | D:4      | Succumbed to poison (a potion of poison)

Action                   |  1- 3 |  4- 6 || total
-------------------------+-------+-------++-------
Melee: Short sword       |   187 |    39 ||   226
       Shortbow          |     1 |       ||     1
       Whip              |     2 |     3 ||     5
       Falchion          |       |   263 ||   263
 Fire: Shortbow          |    79 |    20 ||    99
Evoke: Wand              |       |    13 ||    13
  Use: Potion            |       |     9 ||     9
       Scroll            |       |     7 ||     7
 Stab: Sleeping          |     1 |     3 ||     4
       Confused          |       |     5 ||     5
  Eat: Chunk             |     4 |     7 ||    11
       Meat ration       |       |     1 ||     1
